 Dungeon Crawl Stone Soup version 0.19-a0-1532-g228a5d9 (webtiles) character file.

439 junb69 the Chopper (level 6, -10/58 HPs)
             Began as a Minotaur Gladiator on Sept 13, 2016.
             Mangled by Prince Ribbit (18 damage)
             ... on level 5 of the Dungeon.
             The game lasted 00:04:02 (1791 turns).

junb69 the Chopper (Minotaur Gladiator)             Turns: 1791, Time: 00:04:03

Health: -10/58     AC:  5    Str: 21    XL:     6   Next: 70%
Magic:  5/5        EV: 12    Int: 10    God:
Gold:   104        SH:  0    Dex: 11    Spells: 0 memorised, 5 levels left

rFire  . . .     SeeInvis .     a - +0 war axe
rCold  . . .     Gourm    .     e - +0 ring mail
rNeg   . . .     Faith    .     (no shield)
rPois  .         Spirit   .     c - +0 hat
rElec  .         Dismiss  .     (no cloak)
rCorr  .         Reflect  .     (no gloves)
MR     .....     Harm     .     (no boots)
Stlth  +.........               m - amulet of rage
                                (no ring)
                                (no ring)

@: brilliant, exhausted, slowed, very slow
A: retaliatory headbutt, horns 2
a: Evoke Berserk Rage


You were on level 5 of the Dungeon.
You were very hungry.

You visited 1 branch of the dungeon, and saw 5 of its levels.

You collected 104 gold pieces.

Inventory:

Hand Weapons
 a - a +0 war axe (weapon)
Armour
 c - a +0 hat (worn)
 e - a +0 ring mail (worn)
Jewellery
 m - an amulet of rage (around neck)
Scrolls
 h - a scroll of recharging {unknown}
 i - a scroll of enchant armour {unknown}
 j - a scroll of identify {unknown}
Comestibles
 f - 3 bread rations


   Skills:
 * Level 6.4 Fighting
 * Level 6.9 Axes
 - Level 2.0 Throwing
 - Level 3.2 Dodging


You had 5 spell levels left.
You didn't know any spells.

Dungeon Overview and Level Annotations

Branches:
Dungeon (5/15)
 Temple: D:4-7

Altars:
Qazlal
Xom

Annotations:
D:5 Prince Ribbit


Innate Abilities, Weirdness & Mutations

You reflexively headbutt those who attack you in melee.
You have a pair of horns on your head.


Message History

The throwing net closely misses Prince Ribbit.
You hear a splash.
Prince Ribbit hits you. x2
Throwing (i - inventory):
d - a throwing net (quivered)
Press: ? - help, Shift-Dir - straight line, f/p - Prince Ribbit
Aim: Prince Ribbit (moderately wounded)
You throw a throwing net. The throwing net misses Prince Ribbit.
You hear a splash.
Prince Ribbit hits you.
Prince Ribbit blinks!
Prince Ribbit sighs, "It's not easy being green!"
You see here a dagger.
You start eating one of the 3 bread rations.
Prince Ribbit asks, "Just a little smooch?"
Keep eating?
You continue eating.
Prince Ribbit hits you. Prince Ribbit hits you!
* * * LOW HITPOINT WARNING * * *
You continue eating.
Prince Ribbit hits you!!
You die...

#F........ #....≈≈..≈
#...≈≈s..≈ #..≈≈≈≈≈≈≈
#...≈≈≈≈≈≈ #..≈≈≈≈>_≈
########...≈≈≈.⌠≈
###############.@F..[....(≈≈≈≈≈
...................####...≈≈≈≈≈
#.#.##############.## #.....≈≈≈
#.#.# #......# #..≈..≈≈. ..#.#
#.###.## #......≈. ###.# #.#
##.....$. (...# #.# ##.....
##### #.. ..... [.. .....


You could see Prince Ribbit.

Vanquished Creatures
  Menkaure (D:4)
  A phantom (D:4)
  A giant frog (D:4)
  A jelly (D:5)
  2 worker ants
  5 adders
  A shadow imp (D:5)
  A worm (D:2)
  A dart slug (D:2)
  A giant gecko (D:2)
  4 orcs (D:4)
  5 bats
  2 giant cockroaches (D:3)
  4 goblins (D:3)
  A hobgoblin (D:2)
  2 jackals (D:4)
  6 kobolds
  A giant newt (D:3)
  A quokka skeleton (D:5)
  4 rats
45 creatures vanquished.

Notes
Turn   | Place    | Note
-------+----------+-------------------------------------------
     0 | D:1      | junb69 the Minotaur Gladiator began the quest for the Orb.
     0 | D:1      | Reached XP level 1. HP: 18/18 MP: 0/0
   148 | D:2      | Reached XP level 2. HP: 20/26 MP: 1/1
   174 | D:2      | Reached XP level 3. HP: 24/33 MP: 2/2
   747 | D:3      | Reached XP level 4. HP: 34/40 MP: 3/3
   830 | D:4      | Noticed a phantom
   863 | D:4      | Killed a phantom
   863 | D:4      | Reached skill level 5 in Axes
   863 | D:4      | Reached XP level 5. HP: 18/47 MP: 4/4
  1088 | D:4      | Reached skill level 5 in Fighting
  1125 | D:4      | Noticed Menkaure
  1130 | D:4      | Killed Menkaure
  1130 | D:4      | Reached XP level 6. HP: 30/57 MP: 5/5
  1364 | D:5      | Entered Level 5 of the Dungeon
  1370 | D:5      | Found a shimmering altar of Xom.
  1757 | D:5      | Found a stormy altar of Qazlal.
  1757 | D:5      | Noticed Prince Ribbit
  1791 | D:5      | Mangled by Prince Ribbit

Vault maps used:
D:1:      dpeg_arrival_solitude, hangedman_decor_growths
D:2:      lemuel_coloured_pillars_altar, first_bread, uniq_sigmund
D:3:      lemuel_crystal_altar, gammafunk_temple_overflow_pools,
          solitary_fountain
D:4:      uniq_menkaure
D:5:      xom_teletrap_fun, nicolae_qazlal_general_emergency,
          uniq_prince_ribbit1

Skill      XL: |  1  2  3  4  5  6 |
---------------+-------------------+-----
Fighting       | 3 4 5 6 |  6.4
Axes           | 4 5 6 |  6.9
Throwing       | |  2.0
Dodging        | |  3.2

Action                   |  1- 3 |  4- 6 || total
-------------------------+-------+-------++-------
Melee: War axe           |    47 |    69 ||   116
       Headbutt          |     5 |     9 ||    14
Throw: Throwing net      |       |     3 ||     3
 Abil: Evoke Berserk Rag |       |     2 ||     2
  Use: Potion            |       |     3 ||     3
  Eat: Chunk             |       |     3 ||     3
Armor: Leather armour    |    17 |     9 ||    26
       Ring mail         |       |    10 ||    10
Dodge: Dodged            |    47 |    40 ||    87
